 Dungeon Crawl Stone Soup version 0.21.0 (webtiles) character file.

3723 Lanoc the Carver (level 9, -13/72 HPs)
             Began as a Demonspawn Chaos Knight on Jan 6, 2018.
             Was a Believer of Ashenzari.
             Killed from afar by a gargoyle (24 damage)
             ... with a stone arrow
             ... on level 9 of the Dungeon.
             The game lasted 00:25:14 (7081 turns).

Lanoc the Carver (Demonspawn Chaos Knight)          Turns: 7081, Time: 00:25:15

Health: -13/72     AC: 10    Str: 18    XL:     9   Next: 92%
Magic:  9/9        EV: 18    Int: 14    God:    Ashenzari [**....]
Gold:   415        SH:  0    Dex: 18    Spells: 8/8 levels left

rFire    + . .     SeeInvis +   a - +2 falchion (chaos) (curse)
rCold    + + .     Gourm    .   (no shield)
rNeg     + . .     Faith    .   t - +2 robe of the Bagpipe {rElec rC++ Str+4 SInv} (curse)
rPois    .         Spirit   .   (helmet restricted)
rElec    +         Reflect  .   m - +0 cloak
rCorr    +         Harm     .   u - +2 pair of gloves {archery} (curse)
MR       .....                  q - +0 pair of boots (curse)
Stlth    ++........             (no amulet)
HPRegen  0.22/turn              p - ring of positive energy
MPRegen  0.11/turn              r - ring of resist corrosion

@: no status effects
A: claws 1, horns 1, talons 2, agile 1, fire resistance 1, powered by death 3,
screaming 1, strong 1
a: Curse Item, Scrying, Renounce Religion


You were on level 9 of the Dungeon.
You worshipped Ashenzari.
Ashenzari was pleased with you.
You were not hungry.

You visited 2 branches of the dungeon, and saw 10 of its levels.

You collected 415 gold pieces.

Inventory:

Hand Weapons
 a - a cursed +2 falchion of chaos (weapon)
Missiles
 d - 38 bolts
 B - 3 javelins (quivered)
Armour
 m - a +0 cloak (worn)
 q - a cursed +0 pair of boots (worn)
 t - the cursed +2 robe of the Bagpipe (worn) {rElec rC++ Str+4 SInv}
   (You found it on level 6 of the Dungeon)

   It affects your strength (+4).
   It greatly protects you from cold.
   It insulates you from electricity.
   It lets you see invisible.
   It has a curse placed upon it.
 u - a cursed +2 pair of gloves of archery (worn)
Jewellery
 e - an uncursed ring of protection from fire
 p - a ring of positive energy (left hand)
 r - a ring of resist corrosion (right hand)
 w - an uncursed ring of protection from magic
 x - an uncursed ring of poison resistance
Wands
 i - a wand of random effects (36)
 o - a wand of polymorph (8)
 z - a wand of paralysis (12)
 A - a wand of flame (20)
Scrolls
 f - 5 scrolls of teleportation
 g - a scroll of magic mapping {unknown}
 j - a scroll of fog {unknown}
 l - a scroll of enchant armour
 n - a scroll of fear {unknown}
 y - 2 scrolls of identify
Potions
 k - a potion of brilliance
 s - a potion of lignification
Comestibles
 b - 9 chunks of flesh
 c - 9 rations


   Skills:
 + Level 7.3 Fighting
 * Level 9.1(11.3) Long Blades
 - Level 4.9 Armour
 + Level 6.1(7.6) Dodging


You had 8 spell levels left.
You didn't know any spells.

Dungeon Overview and Level Annotations

Branches:
Dungeon (9/15)             Temple (1/1) D:5            Lair (0/6) D:8
    Orc: D:9-12

Altars:
Ashenzari
Cheibriados
Dithmenos
Elyvilon
Fedhas
Gozag
Hepliaklqana
Kikubaaqudgha
Makhleb
Nemelex Xobeh
Okawaru
Qazlal
Ru
Sif Muna
Trog
Uskayaw
Vehumet
Wu Jian
Xom
Yredelemnul
Zin
The Shining One

Shops:
D:5 =   D:9 [

Annotations:
D:6 ThereIsNoGod's ghost, amateur TrFi
D:7 raph's ghost, novice MiFi


Innate Abilities, Weirdness & Mutations

You have sharp fingernails.
You have a pair of small horns on your head.
You have razor-sharp toenails.
You regenerate a lot of health from kills.
You are agile. (Dex +2)
Your flesh is heat resistant. (rF+)
You occasionally shout uncontrollably at your foes.
Your muscles are strong. (Str +2)


Message History

The gargoyle hurls a stone arrow at you.
The stone arrow hits you!
* * * LOW HITPOINT WARNING * * *
Okay, then.
You hit the gargoyle but do no damage.
The gargoyle flickers and vanishes for a moment.
The gargoyle is severely damaged.
The gargoyle barely misses you.
You hit the gargoyle but do no damage.
The gargoyle is severely damaged.
You hit the gargoyle but do no damage.
You headbutt the gargoyle, but do no damage.
The gargoyle is severely damaged.
The gargoyle misses you.
You riposte.
You hit the gargoyle but do no damage.
The gargoyle is severely damaged.
The gargoyle hurls a stone arrow at you.
The stone arrow misses you.
The gargoyle hurls a stone arrow at you.
The stone arrow hits you!
You die...

#)# #..# #..... #.# ##)## #.....
#(# #..# ###.## #.# ##.# ##...##
#.# #.# #...... ###'####
#######'#### #...... #...)..###
#..........####......
#.)))..'.###..........'..#......
#..>..)#...'...@.[....##.'.>..<.
#......#####.....9....####......
#......# #.....9....# #......
#......# #..........# #......
#......# ##+######### #......
######## #...... { * #####'# #.#
* * +* * #..


You could see 2 gargoyles.

Vanquished Creatures
  A troll (D:9)
  A wyvern (D:7)
  3 wargs (D:8)
  2 black bears
  An orc warrior (D:8)
  3 sky beasts
  3 ogres
  7 centaurs
  2 big kobolds
  A bullfrog (D:7)
  A bullfrog (shapeshifter) (D:5)
  A scorpion (D:4)
  4 killer bees (D:8)
  A crimson imp (D:7)
  A quasit (D:8)
  4 hounds
  6 orc wizards
  An orc priest (D:7)
  Terence (D:2)
  Jessica (D:2)
  2 centaur skeletons
  Natasha (thrice) (D:3 D:6)
  3 iguanas
  4 worker ants
  A hound zombie (D:7)
  A hound skeleton (D:6)
  A worker ant zombie (D:6)
  3 gnolls (D:3)
  11 adders
  3 shadow imps
  3 worms
  3 dart slugs
  5 leopard geckos
  14 orcs
  4 bats
  9 giant cockroaches
  5 goblins (D:1)
  4 hobgoblins
  8 jackals
  4 quokkas
  9 frilled lizards
  18 kobolds
  A leopard gecko skeleton (D:6)
  A quokka skeleton (D:9)
  5 rats
170 creatures vanquished.

Vanquished Creatures (collateral kills)
  Sigmund (D:3)
1 creature vanquished.

Vanquished Creatures (others)
  A phantom (D:6)
  A plant (D:8)
2 creatures vanquished.

Grand Total: 173 creatures vanquished

Notes
Turn   | Place    | Note
-------+----------+-------------------------------------------
     0 | D:1      | Lanoc the Demonspawn Chaos Knight began the quest for the Orb.
     0 | D:1      | Reached XP level 1. HP: 18/18 MP: 1/1
    23 | D:1      | Reached skill level 1 in Dodging
   287 | D:1      | XOM: mild Pois miscast
   307 | D:1      | Gained mutation: You regenerate a little health from kills. [demonic ancestry]
   307 | D:1      | Reached XP level 2. HP: 22/24 MP: 2/2
   339 | D:1      | Reached skill level 3 in Long Blades
   726 | D:1      | Gained mutation: You have sharp toenails. [demonic ancestry]
   726 | D:1      | Reached XP level 3. HP: 29/29 MP: 3/3
   769 | D:2      | Noticed Jessica
   775 | D:2      | Killed Jessica
   955 | D:2      | Noticed Terence
   967 | D:2      | Killed Terence
   967 | D:2      | Gained mutation: You regenerate health from kills. [demonic ancestry]
   967 | D:2      | Reached XP level 4. HP: 35/35 MP: 4/4
  1200 | D:2      | Found a burning altar of Makhleb.
  1228 | D:2      | Found an ancient bone altar of Kikubaaqudgha.
  1229 | D:2      | Found a white marble altar of Elyvilon.
  1421 | D:3      | XOM: stealth player
  1443 | D:3      | Noticed Sigmund
  1455 | D:3      | XOM: cast spell 'Leda's Liquefaction'
  1460 | D:3      | XOM: summons friendly quasit
  1468 | D:3      | Killed Sigmund
  1468 | D:3      | Reached skill level 4 in Long Blades
  1468 | D:3      | Gained mutation: You have razor-sharp toenails. [demonic ancestry]
  1468 | D:3      | Reached XP level 5. HP: 27/42 MP: 5/5
  1498 | D:3      | XOM: 4-stop teleportation journey
  1518 | D:3      | Found a shattered altar of Ashenzari.
  1534 | D:3      | Noticed Natasha
  1538 | D:3      | Killed Natasha
  1538 | D:3      | Gained mutation: You regenerate a lot of health from kills. [demonic ancestry]
  1538 | D:3      | Reached XP level 6. HP: 48/48 MP: 6/6
  1549 | D:3      | Found a hazy altar of Hepliaklqana.
  1600 | D:3      | Found an iron altar of Okawaru.
  1676 | D:3      | Fell from the grace of Xom
  1676 | D:3      | Became a worshipper of Ashenzari the Shackled
  2490 | D:4      | XOM: 5-stop teleportation journey
  2786 | D:4      | XOM: summons 2 hostile demons
  2787 | D:4      | Noticed a chaos spawn
  2823 | D:4      | XOM: mild Fire miscast
  3046 | D:4      | XOM: summons 3 hostile shadow creatures
  3274 | D:4      | XOM: mild Conj miscast
  3332 | D:4      | Reached * piety under Ashenzari
  3360 | D:5      | Entered Level 5 of the Dungeon
  3383 | D:5      | Noticed a sky beast
  3407 | D:5      | Killed a sky beast
  3407 | D:5      | Reached skill level 5 in Long Blades
  3407 | D:5      | Reached XP level 7. HP: 29/55 MP: 7/7
  3548 | D:5      | Found a staircase to the Ecumenical Temple.
  3565 | Temple   | Entered the Ecumenical Temple
  3614 | Temple   | XOM: medium Hex miscast
  3659 | D:5      | Found Myhuasse's Jewellery Shop.
  3712 | D:5      | Noticed a steam dragon
  3712 | D:5      | a jelly changed into a steam dragon
  3717 | D:5      | a steam dragon changed into a bullfrog
  3770 | D:5      | XOM: medium Tmut miscast
  3786 | D:5      | XOM: give mutations
  3786 | D:5      | Gained mutation: Scrolls take you a little longer to read. [Xom's mischief]
  3786 | D:5      | Gained mutation: You occasionally shout uncontrollably at your foes. [Xom's mischief]
  3786 | D:5      | Lost mutation: Scrolls take you a little longer to read. [Xom's mischief]
  3811 | D:5      | XOM: give mutations
  3811 | D:5      | Gained mutation: Your flesh is heat resistant. (rF+) [Xom's grace]
  3811 | D:5      | Gained mutation: Your muscles are strong. (Str +2) [Xom's grace]
  3811 | D:5      | Gained mutation: You are agile. (Dex +2) [Xom's grace]
  4055 | D:5      | XOM: 2-stop teleportation journey
  4313 | D:6      | Noticed Natasha
  4317 | D:6      | Killed Natasha
  4411 | D:6      | Reached skill level 5 in Fighting
  4416 | D:6      | Reached skill level 6 in Long Blades
  4452 | D:6      | Noticed ThereIsNoGod's ghost (amateur TrFi)
  4472 | D:6      | XOM: 4-stop teleportation journey
  4482 | D:6      | Gained mutation: You have sharp fingernails. [demonic ancestry]
  4482 | D:6      | Reached XP level 8. HP: 56/62 MP: 8/8
  4593 | D:6      | Noticed Natasha
  4598 | D:6      | Killed Natasha
  4685 | D:6      | Got the uncursed robe of the Bagpipe {rElec rC++ Str+4 SInv}
  4696 | D:6      | Identified the +2 robe of the Bagpipe {rElec rC++ Str+4 SInv} (You found it on level 6 of the Dungeon)
  4712 | D:6      | XOM: mild Pois miscast
  4885 | D:5      | XOM: mild Fire miscast
  5096 | D:7      | Reached ** piety under Ashenzari
  5096 | D:7      | Noticed raph's ghost (novice MiFi)
  5214 | D:5      | Reached skill level 7 in Long Blades
  5525 | D:7      | Found a basalt altar of Yredelemnul.
  5854 | D:8      | Found a staircase to the Lair.
  5895 | D:8      | Gained mutation: You have a pair of small horns on your head. [demonic ancestry]
  5895 | D:8      | Reached XP level 9. HP: 61/69 MP: 9/9
  5904 | D:8      | Reached skill level 5 in Dodging
  6004 | D:8      | Reached skill level 8 in Long Blades
  6209 | D:8      | XOM: 1-stop teleportation journey
  6273 | D:8      | Found a stormy altar of Qazlal.
  6720 | D:9      | Noticed a troll
  6737 | D:9      | Killed a troll
  6737 | D:9      | Reached skill level 9 in Long Blades
  6831 | D:9      | Found Nimuturgh's Antique Armour Shoppe.
  6886 | D:9      | Found a blossoming altar of Fedhas.
  6889 | D:9      | Noticed a gargoyle
  7081 | D:9      | Killed from afar by a gargoyle

Skill      XL: |  1  2  3  4  5  6  7  8  9 |
---------------+----------------------------+-----
Dodging        | 1 2 3 4 6 |  6.1
Long Blades    | 3 4 5 6 7 9 |  9.1
Armour         | 2 3 4 |  4.9
Fighting       | 4 5 6 7 |  7.3

Action                   |  1- 3 |  4- 6 |  7- 9 || total
-------------------------+-------+-------+-------++-------
Melee: Falchion          |    83 |   201 |   434 ||   718
       Kick              |    10 |    21 |       ||    31
       Headbutt          |       |       |    60 ||    60
Invok: Curse Item        |       |     1 |     3 ||     4
  Use: Potion            |       |     4 |     2 ||     6
       Scroll            |       |     3 |    10 ||    13
 Stab: Sleeping          |     1 |     2 |     2 ||     5
       Confused          |       |     1 |     6 ||     7
       Paralysed         |       |       |    10 ||    10
       Petrified         |       |       |     2 ||     2
       Petrifying        |       |       |     4 ||     4
  Eat: Chunk             |       |     8 |     9 ||    17
       Ration            |       |       |     1 ||     1
Armor: Leather armour    |    24 |    70 |    37 ||   131
       Robe              |       |       |    74 ||    74
Dodge: Dodged            |    54 |   129 |   333 ||   516
       Rpst.: Falchion   |    19 |    39 |    75 ||   133
